MWL
BURLINGTON BEES @ DANVILLE VETERANS
06/12/1982
 
TOP OF THE 1ST
Burlington Bees batting - Pitching for Danville Veterans : LHP Juan Dorville
Pitching: LHP Juan Dorville
Batting: RHB Mike Quade 0-0: Called Strike
0-1: Swinging Strike
0-2: Ground out 6-3 (Groundball, 6MS, EV 88.1 MPH)
Batting: LHB Brian Devalk 0-0: Ground out 4-3 (Groundball, 4, EV 88.1 MPH)
Batting: LHB Herm Winningham 0-0: Fly out, F8 (Flyball, 78XD, EV 98.1 MPH)
Top of the 1st over - 0 runs, 0 hits, 0 errors, 0 left on base; Burlington 0 - Danville 0
BOTTOM OF THE 1ST
Danville Veterans batting - Pitching for Burlington Bees : RHP Paul Soth
Pitching: RHP Paul Soth
Batting: RHB Henry Janssen 0-0: Fly out, F9 (Flyball, 9S, EV 85.0 MPH)
Batting: SHB Donnie Hill 0-0: Swinging Strike
0-1: Foul Ball, location: 2F
0-2: Ball
1-2: Strikes out looking
Batting: LHB Mark Salas 0-0: Ball
1-0: Called Strike
1-1: Ball
2-1: Called Strike
2-2: Ground out U3 (Groundball, 3S, EV 84.4 MPH)
Bottom of the 1st over - 0 runs, 0 hits, 0 errors, 0 left on base; Burlington 0 - Danville 0
TOP OF THE 2ND
Burlington Bees batting - Pitching for Danville Veterans : LHP Juan Dorville
Batting: RHB Bob Gergen 0-0: Called Strike
0-1: Ball
1-1: Ball
2-1: Ground out 6-3 (Groundball, 6, EV 82.5 MPH)
Batting: RHB Collin Tanabe 0-0: Called Strike
0-1: SINGLE (Line Drive, 6MD, EV 98.1 MPH)
Batting: RHB Mike Morse 0-0: Called Strike
0-1: Swinging Strike
0-2: DOUBLE (Line Drive, 89D, EV 101.9 MPH)
Collin Tanabe to third
Runner from 3rd tries for Home, SAFE, throw by CF to trailing runner, SAFE at third!
Batting: RHB James Noonan 0-0: Ball
1-0: Foul Ball, location: 2F
1-1: Ball
2-1: Called Strike
2-2: Strikes out looking
Batting: RHB Bob Hicks 0-0: Called Strike
0-1: Foul Ball, location: 2F
0-2: Strikes out swinging
Top of the 2nd over - 1 run, 2 hits, 0 errors, 1 left on base; Burlington 1 - Danville 0
BOTTOM OF THE 2ND
Danville Veterans batting - Pitching for Burlington Bees : RHP Paul Soth
Batting: RHB Barry Brunenkant 0-0: Foul Ball, location: 2F
0-1: Swinging Strike
0-2: Ball
1-2: Foul Ball, location: 2F
1-2: SINGLE (Line Drive, 6D, EV 100.0 MPH)
Batting: RHB Robert Gauci 0-0: Called Strike
0-1: Fly out, F7 (Flyball, 7LS, EV 82.5 MPH)
Batting: RHB Ed Saavedra 0-0: Called Strike
0-1: Foul Ball, location: 2F
0-2: Ground out 4-3 (Groundball, 13, EV 88.8 MPH)
Barry Brunenkant to second
Batting: RHB Robert Allen 0-0: Called Strike
0-1: Ground out U3 (Groundball, 34, EV 83.8 MPH)
Bottom of the 2nd over - 0 runs, 1 hit, 0 errors, 1 left on base; Burlington 1 - Danville 0
TOP OF THE 3RD
Burlington Bees batting - Pitching for Danville Veterans : LHP Juan Dorville
Batting: LHB Pat Castiglia 0-0: Foul Ball, location: 2F
0-1: Ball
1-1: Ball
2-1: Called Strike
2-2: Fly out, F7 (Flyball, 7LD, EV 90.6 MPH)
Batting: RHB Mike Quade 0-0: Called Strike
0-1: Swinging Strike
0-2: Ball
1-2: Ball
2-2: Foul Ball, location: 2F
2-2: Strikes out swinging
Batting: LHB Brian Devalk 0-0: Swinging Strike
0-1: Ball
1-1: Foul Ball, location: 2F
1-2: Foul Ball, location: 2F
1-2: Ball
2-2: Strikes out swinging
Top of the 3rd over - 0 runs, 0 hits, 0 errors, 0 left on base; Burlington 1 - Danville 0
BOTTOM OF THE 3RD
Danville Veterans batting - Pitching for Burlington Bees : RHP Paul Soth
Batting: RHB Vincent Pone 0-0: Fly out, F6 (Flyball, 56D, EV 95.6 MPH)
Batting: RHB Jeff Hall 0-0: Called Strike
0-1: Ball
1-1: Ball
2-1: Called Strike
2-2: SINGLE (Flyball, 6D, EV 92.5 MPH)
Batting: RHB Henry Janssen 0-0: Foul Ball, location: 2F
0-1: Ball
1-1: Fielders Choice at 2nd, 3-6 (Groundball, 3S, EV 86.9 MPH)
Batting: SHB Donnie Hill 0-0: Ball
1-0: Foul Ball, location: 2F
1-1: Foul Ball, location: 2F
1-2: SINGLE (Line Drive, 8LS, EV 98.8 MPH)
Henry Janssen to second
Henry Janssen to third
Batting: LHB Mark Salas 0-0: Ball
1-0: Swinging Strike
1-1: Ball
2-1: Called Strike
2-2: Ground out 4-3 (Groundball, 4, EV 91.3 MPH)
Bottom of the 3rd over - 0 runs, 2 hits, 0 errors, 2 left on base; Burlington 1 - Danville 0
TOP OF THE 4TH
Burlington Bees batting - Pitching for Danville Veterans : LHP Juan Dorville
Batting: LHB Herm Winningham 0-0: Ball
1-0: Reached on error, E4 (Groundball, 4, EV 80.6 MPH)
Batting: RHB Bob Gergen 0-0: Called Strike
0-1: Ball
1-1: Fly out, F9 (Flyball, 9LS, EV 90.0 MPH)
Batting: RHB Collin Tanabe 0-0: Ball
Herm Winningham steals 2nd base
1-0: Ball
2-0: Ground out 6-3 (Groundball, 56, EV 83.8 MPH)
Batting: RHB Mike Morse 0-0: Called Strike
0-1: Ball
1-1: DOUBLE (Groundball, 3L, EV 99.4 MPH)
Herm Winningham scores
Batting: RHB James Noonan 0-0: Ball
1-0: Foul Ball, location: 2F
1-1: Foul Ball, location: 2F
1-2: Foul Ball, location: 2F
1-2: Foul Ball, location: 2F
1-2: Fly out, F7 (Flyball, 7, EV 86.9 MPH)
Top of the 4th over - 1 run, 1 hit, 1 error, 1 left on base; Burlington 2 - Danville 0
BOTTOM OF THE 4TH
Danville Veterans batting - Pitching for Burlington Bees : RHP Paul Soth
Batting: RHB Barry Brunenkant 0-0: Ball
1-0: Ball
2-0: Called Strike
2-1: Foul Ball, location: 2F
2-2: Ground out 4-3 (Groundball, 4M, EV 96.9 MPH)
Batting: RHB Robert Gauci 0-0: Ball
1-0: Swinging Strike
1-1: Ground out 6-3 (Groundball, 6, EV 98.1 MPH)
Batting: RHB Ed Saavedra 0-0: Ground out U3 (Groundball, 3S, EV 88.1 MPH)
Bottom of the 4th over - 0 runs, 0 hits, 0 errors, 0 left on base; Burlington 2 - Danville 0
TOP OF THE 5TH
Burlington Bees batting - Pitching for Danville Veterans : LHP Juan Dorville
Batting: RHB Bob Hicks 0-0: Ball
1-0: Swinging Strike
1-1: SINGLE (Groundball, 6D, EV 99.4 MPH)
Batting: LHB Pat Castiglia 0-0: Ball
1-0: Bunted foul
1-1: Bunt missed!
1-2: Fly out, F6 (Popup, 6S, EV 36.3 MPH)
Batting: RHB Mike Quade 0-0: Ball
1-0: Swinging Strike
1-1: Foul Ball, location: 2F
1-2: Foul Ball, location: 2F
1-2: Ball
2-2: Strikes out looking
Batting: LHB Brian Devalk 0-0: Called Strike
0-1: Ball
1-1: Ball
2-1: Called Strike
2-2: Foul Ball, location: 2F
2-2: Foul Ball, location: 2F
2-2: DOUBLE (Line Drive, 5D, EV 96.3 MPH)
Bob Hicks to third
Runner from 3rd tries for Home, SAFE, throw by LF to home
Batting: LHB Herm Winningham 0-0: Ball
1-0: Foul Ball, location: 2F
1-1: Called Strike
1-2: Foul Ball, location: 2F
1-2: Fly out, F6 (Line Drive, 6, EV 66.9 MPH)
Top of the 5th over - 1 run, 2 hits, 0 errors, 1 left on base; Burlington 3 - Danville 0
BOTTOM OF THE 5TH
Danville Veterans batting - Pitching for Burlington Bees : RHP Paul Soth
Batting: RHB Robert Allen 0-0: Ball
1-0: Ball
2-0: Swinging Strike
2-1: Foul Ball, location: 2F
2-2: Strikes out swinging
Batting: RHB Vincent Pone 0-0: Ball
1-0: Foul Ball, location: 2F
1-1: Called Strike
1-2: Ground out 5-3 (Groundball, 56, EV 84.4 MPH)
Batting: RHB Jeff Hall 0-0: Ball
1-0: Fly out, F9 (Flyball, 89D, EV 96.9 MPH)
Bottom of the 5th over - 0 runs, 0 hits, 0 errors, 0 left on base; Burlington 3 - Danville 0
TOP OF THE 6TH
Burlington Bees batting - Pitching for Danville Veterans : LHP Juan Dorville
Batting: RHB Bob Gergen 0-0: Called Strike
0-1: Called Strike
0-2: DOUBLE (Flyball, 8RXD, EV 97.5 MPH)
Batting: RHB Collin Tanabe 0-0: Ball
1-0: Ball
2-0: Called Strike
2-1: Foul Ball, location: 2F
2-2: Foul Ball, location: 2F
2-2: Strikes out swinging
Batting: RHB Mike Morse 0-0: Ball
1-0: Foul Ball, location: 2F
1-1: Foul Ball, location: 2F
1-2: Ball
2-2: Strikes out swinging
Batting: RHB James Noonan 0-0: Ball
Wild Pitch!
Bob Gergen to third
1-0: Ball
2-0: Ball
3-0: Called Strike
3-1: Fly out, F9 (Flyball, 9S, EV 84.4 MPH)
Top of the 6th over - 0 runs, 1 hit, 0 errors, 1 left on base; Burlington 3 - Danville 0
BOTTOM OF THE 6TH
Danville Veterans batting - Pitching for Burlington Bees : RHP Paul Soth
Batting: RHB Henry Janssen 0-0: Ball
1-0: Called Strike
1-1: Swinging Strike
1-2: Foul Ball, location: 2F
1-2: Strikes out looking
Batting: SHB Donnie Hill 0-0: Ball
1-0: Ball
2-0: Fly out, F8 (Line Drive, 8LD, EV 91.9 MPH)
Batting: LHB Mark Salas 0-0: Swinging Strike
0-1: Called Strike
0-2: Foul Ball, location: 2F
0-2: Ground out 4-3 (Groundball, 4, EV 91.9 MPH)
Bottom of the 6th over - 0 runs, 0 hits, 0 errors, 0 left on base; Burlington 3 - Danville 0
TOP OF THE 7TH
Burlington Bees batting - Pitching for Danville Veterans : LHP Juan Dorville
Pitching: RHP Dave W Smith
Batting: RHB Bob Hicks 0-0: Ground out 4-3 (Groundball, 4, EV 80.6 MPH)
Batting: LHB Pat Castiglia 0-0: Called Strike
0-1: Ball
1-1: Ball
2-1: Ball
3-1: Base on Balls
Batting: RHB Mike Quade 0-0: Ball
1-0: Called Strike
1-1: Swinging Strike
1-2: Ball
2-2: Strikes out looking
Batting: LHB Brian Devalk 0-0: Foul Ball, location: 2F
0-1: Called Strike
0-2: Strikes out swinging
Top of the 7th over - 0 runs, 0 hits, 0 errors, 1 left on base; Burlington 3 - Danville 0
BOTTOM OF THE 7TH
Danville Veterans batting - Pitching for Burlington Bees : RHP Paul Soth
Batting: RHB Barry Brunenkant 0-0: Called Strike
0-1: Ball
1-1: SINGLE (Groundball, 34D, EV 97.5 MPH)
Batting: RHB Robert Gauci 0-0: Called Strike
0-1: SINGLE (Groundball, 6MD, EV 95.0 MPH)
Barry Brunenkant to second
Batting: RHB Ed Saavedra 0-0: Grounds into double play, 4-6-3 (Groundball, 4, EV 88.8 MPH)
Barry Brunenkant to third
Batting: RHB Robert Allen 0-0: Called Strike
0-1: Foul Ball, location: 2F
0-2: Ball
1-2: Fly out, F7 (Flyball, 7, EV 93.1 MPH)
Bottom of the 7th over - 0 runs, 2 hits, 0 errors, 1 left on base; Burlington 3 - Danville 0
TOP OF THE 8TH
Burlington Bees batting - Pitching for Danville Veterans : RHP Dave W Smith
Batting: LHB Herm Winningham 0-0: Ball
1-0: Ball
2-0: Foul Ball, location: 2F
2-1: DOUBLE (Line Drive, 89D, EV 111.9 MPH)
Batting: RHB Bob Gergen 0-0: Intentional Walk
Batting: RHB Collin Tanabe 0-0: Called Strike
0-1: Foul Ball, location: 2F
0-2: Ball
1-2: Foul Ball, location: 2F
1-2: Foul Ball, location: 2F
1-2: Grounds into double play, 4-6-3 (Groundball, 4, EV 104.4 MPH)
Herm Winningham to third
Batting: RHB Mike Morse 0-0: Called Strike
0-1: Ball
1-1: Ground out 4-3 (Groundball, 4MD, EV 83.8 MPH)
Top of the 8th over - 0 runs, 1 hit, 0 errors, 1 left on base; Burlington 3 - Danville 0
BOTTOM OF THE 8TH
Danville Veterans batting - Pitching for Burlington Bees : RHP Paul Soth
Batting: RHB Vincent Pone 0-0: Ball
1-0: SINGLE (Groundball, 6D, EV 96.9 MPH)
Batting: RHB Jeff Hall 0-0: SINGLE (Groundball, 6MD, EV 101.3 MPH)
Vincent Pone to second
Batting: RHB Henry Janssen 0-0: Foul Ball, location: 2F
0-1: Ball
1-1: Swinging Strike
1-2: Strikes out swinging
Batting: SHB Donnie Hill 0-0: Swinging Strike
0-1: 3-RUN HOME RUN (Flyball, 89XD, EV 94.4 MPH), Distance : 390 ft
Batting: LHB Mark Salas 0-0: Called Strike
0-1: Foul Ball, location: 2F
0-2: Ball
1-2: Fly out, F8 (Line Drive, 8RD, EV 112.5 MPH)
Batting: RHB Barry Brunenkant 0-0: Called Strike
0-1: Called Strike
0-2: Foul Ball, location: 2F
0-2: Foul Ball, location: 2F
0-2: Ball
1-2: Fly out, F3 (Popup, 3SF, EV 65.6 MPH)
Bottom of the 8th over - 3 runs, 3 hits, 0 errors, 0 left on base; Burlington 3 - Danville 3
TOP OF THE 9TH
Burlington Bees batting - Pitching for Danville Veterans : RHP Dave W Smith
Pinch Hitting: LHB Keith Hagman 0-0: Ball
1-0: Called Strike
1-1: Ground out 6-3 (Groundball, 6S, EV 69.4 MPH)
Batting: RHB Bob Hicks 0-0: Ball
1-0: Foul Ball, location: 2F
1-1: Swinging Strike
1-2: Ball
2-2: Foul Ball, location: 2F
2-2: Ground out 6-3 (Groundball, 4MS, EV 86.9 MPH)
Batting: LHB Pat Castiglia 0-0: Foul Ball, location: 2F
0-1: Called Strike
0-2: Ground out 4-3 (Groundball, 4, EV 89.4 MPH)
Top of the 9th over - 0 runs, 0 hits, 0 errors, 0 left on base; Burlington 3 - Danville 3
BOTTOM OF THE 9TH
Danville Veterans batting - Pitching for Burlington Bees : RHP Paul Soth
Now at 1B: Keith Hagman
Batting: RHB Robert Gauci 0-0: Fly out, F9 (Line Drive, 9, EV 92.5 MPH)
Batting: RHB Ed Saavedra 0-0: Ball
1-0: Ball
2-0: Foul Ball, location: 2F
2-1: Swinging Strike
2-2: Ball
3-2: Strikes out looking
Batting: RHB Robert Allen 0-0: Ball
1-0: Ball
2-0: Foul Ball, location: 2F
2-1: Ball
3-1: Base on Balls
Batting: RHB Vincent Pone 0-0: Swinging Strike
0-1: Called Strike
0-2: Ball
1-2: SINGLE (Line Drive, 34, EV 95.0 MPH)
Robert Allen to second
Runner from 2nd tries for 3rd, SAFE, no throw by RF
Pinch Hitting: LHB Eric Bullock 0-0: Called Strike
0-1: SINGLE (Line Drive, 4D, EV 99.4 MPH)
Robert Allen scores
Bottom of the 9th over - 1 run, 2 hits, 0 errors, 0 left on base; Burlington 3 - Danville 4
Thursday, August 6th, 2020 - OOTP Baseball 21.5 Build 76